← All builds
Suicide front / Armada / Factory first / OBSERVED BUILD

Standard suicide front

The role's default: factory first (mostly Bot Lab), pushing Rocketeer-led bot play into the middle to contest and hold the front, with an Advanced Metal Extractor around 9:36 as the natural transition.

Usually lab first (63%)

#raid #push · 1291 distinct matches · 127 players · 71% of Armada Suicide front games · team won 59% of 1529 · Recently observed

HOW TO PLAY IT

Key timing: Bot Lab by 0:20

  1. Open with mex and wind, drop Bot Lab immediately.
  2. Push out first "Centurion" as Pond's boost lands.
  3. Send "Rocketeer", "Centurion", "Pawn" mix to contest middle.
  4. Add Dragon's Teeth and Sentries to hold the line.
  5. Get Advanced Metal Extractor up as T2 nears.

Phase by phase

TYPICAL OF ITS 1291 GAMES
  1. 1
  2. 2
  3. 3
PLAY THE OPENING

Follow the example game's first 6:00 step by step: what to build now, what comes next, and where it goes. At 1× it keeps pace with your own game.

  1. 1

    Bot Lab first

    Order
    1. Bot LabBot Lab done ~0:20, middle half 0:20–0:33

    Some games also: mex (36%)

  2. 2

    Bot Lab to 5:00

    Economy
    • Metal Extractor5Mex
    • Wind Turbine4Wind
    Builders
    • Construction Bot3 Con bot
    • Lazarus2 Lazarus
    Army
    • Sentry4 Sentry
    • Rocketeer17 Rocketeer
    • Tick2 Tick
    • Centurion1 Centurion
    Other
    • Radar Tower1 Radar Tower

    Some games also: con turret (35%) · pawn (32%)

    By 5:00 in all: 5 mex · 4 wind

    The example game in this phase · 31 steps
    1. TickTick ×2
    2. Construction BotCon bot ×2
    3. SentrySentry
    4. Mex
    5. LazarusLazarus
    6. Mex
    7. PawnPawn
    8. CenturionCenturion
    9. BeamerBeamer
    10. Mex
    11. BeamerBeamer
    12. Construction BotCon bot
    13. Radar TowerRadar Tower
    14. Mex
    15. BeholderBeholder
    16. BeamerBeamer
    17. Wind
    18. LazarusLazarus
    19. Wind
    20. Construction BotCon bot
    21. BeamerBeamer
    22. Wind
    23. OverwatchOverwatch
    24. CenturionCenturion
    25. Wind ×3
    26. Mex
    27. Wind
    28. RocketeerRocketeer
    29. Energy storage
    30. BeamerBeamer
    31. RocketeerRocketeer ×3
  3. 3

    5:00 to 10:00

    Economy
    • Metal Extractor1Mex
    • Wind Turbine17Wind
    Builders
    • Construction Turret2 Con turret
    • Lazarus2 Lazarus
    • Construction Bot1 Con bot
    Army
    • Sentry1 Sentry
    • Rocketeer8 Rocketeer
    • Pawn1 Pawn

    Some games also: tick (47%) · energy storage (46%) · Radar Tower (46%) · centurion (45%) · Beamer (39%)

    By 10:00 in all: 6 mex · 23 wind · 1 energy storage · 3 con turret

    The example game in this phase · 222 steps
    1. RocketeerRocketeer
    2. TickTick
    3. LazarusLazarus
    4. Mex
    5. Con turret
    6. PawnPawn ×4for Geo sea
    7. Con turret
    8. PawnPawnfor Geo sea
    9. PawnPawn ×2
    10. Wind
    11. Sneaky PeteSneaky Pete
    12. Wind
    13. PawnPawn
    14. Wind ×2
    15. PawnPawn
    16. Converter
    17. PawnPawn
    18. Wind ×2
    19. Con turret
    20. Wind
    21. PawnPawn
    22. Wind ×2
    23. PawnPawn
    24. Converter
    25. GauntletGauntletdone 7:47
    26. Wind
    27. PawnPawn
    28. Wind ×2
    29. PawnPawn
    30. Wind
    31. Converter
    32. Wind
    33. PawnPawn
    34. Wind
    35. Dragon's TeethDragon's Teeth ×2
    36. Wind
    37. PawnPawn
    38. Dragon's TeethDragon's Teeth
    39. Wind
    40. Dragon's TeethDragon's Teeth
    41. PawnPawn
    42. Converter
    43. Dragon's TeethDragon's Teeth
    44. PawnPawn
    45. Dragon's TeethDragon's Teeth
    46. Wind
    47. Dragon's TeethDragon's Teeth ×2
    48. PawnPawn
    49. Dragon's TeethDragon's Teeth
    50. Wind
    51. PawnPawn
    52. JunoJuno
    53. Wind
    54. PawnPawn
    55. Wind
    56. Converter
    57. PawnPawn
    58. SentrySentry
    59. Wind ×2
    60. PawnPawn
    61. Wind ×2
    62. Converter
    63. PawnPawn
    64. Advanced Metal ExtractorT2 mexdone 9:51 · typical 9:36
    65. Wind ×2
    66. PawnPawn
    67. Wind
    68. PawnPawn
    69. Mex
    70. Wind
    71. Converter
    72. PawnPawn
    73. BeholderBeholder
    74. Wind ×2
    75. Dragon's TeethDragon's Teeth
    76. Con turret
    77. Dragon's TeethDragon's Teeth
    78. PawnPawn
    79. Dragon's TeethDragon's Teeth
    80. PawnPawn
    81. Wind ×2
    82. Advanced Metal ExtractorT2 mex
    83. PawnPawn
    84. Converter
    85. PawnPawn
    86. Wind
    87. PawnPawn
    88. Wind
    89. Shark's TeethShark's Teeth ×2
    90. PawnPawn
    91. Wind
    92. PawnPawn ×2
    93. Wind
    94. PawnPawn
    95. Wind
    96. PawnPawn
    97. Converter
    98. PawnPawn
    99. Wind
    100. PawnPawn
    101. Wind
    102. PawnPawn
    103. Wind
    104. PawnPawn
    105. Dragon's TeethDragon's Teeth ×2
    106. PawnPawn
    107. Dragon's TeethDragon's Teeth
    108. Wind
    109. Dragon's TeethDragon's Teeth ×3
    110. PawnPawn
    111. Wind
    112. Dragon's TeethDragon's Teeth ×2
    113. PawnPawn
    114. Wind
    115. Dragon's TeethDragon's Teeth
    116. PawnPawn
    117. Wind
    118. PawnPawn
    119. Advanced Metal ExtractorT2 mex
    120. BeamerBeamer
    121. Wind
    122. PawnPawn
    123. Wind
    124. Converter
    125. ShipyardShipyarddone 11:52
    126. Wind ×2
    127. PawnPawn
    128. DolphinDolphin
    129. Wind
    130. PawnPawn ×2
    131. Wind
    132. DolphinDolphin
    133. Wind
    134. PawnPawn
    135. Advanced Metal ExtractorT2 mex
    136. PawnPawn
    137. Converter
    138. DolphinDolphin
    139. PawnPawn
    140. Wind
    141. LazarusLazarus
    142. DolphinDolphin
    143. Wind
    144. DolphinDolphin
    145. Wind
    146. DolphinDolphin
    147. Wind
    148. DolphinDolphin
    149. Wind
    150. LazarusLazarus
    151. DolphinDolphin
    152. Converter
    153. PawnPawn
    154. DolphinDolphin
    155. PawnPawn
    156. Wind
    157. DolphinDolphin
    158. PawnPawn
    159. Wind
    160. PawnPawn
    161. Advanced Metal ExtractorT2 mex
    162. SkaterSkater
    163. Wind
    164. PawnPawn
    165. Wind
    166. PawnPawn
    167. SkaterSkater
    168. Wind
    169. PawnPawn
    170. SkaterSkaterfor Geo sea
    171. PawnPawn
    172. Converter
    173. PawnPawn
    174. Wind
    175. SkaterSkaterfor Geo sea
    176. PawnPawn
    177. Wind
    178. PawnPawn
    179. SkaterSkater
    180. PawnPawn
    181. Wind
    182. PawnPawn
    183. DolphinDolphin
    184. Wind
    185. PawnPawn
    186. Wind
    187. PawnPawn
    188. Converter
    189. PawnPawn ×2
    190. Wind
    191. RattlesnakeRattlesnakedone 14:39
    192. PawnPawn
    193. Wind
    194. PawnPawn
    195. Wind
    196. PawnPawn ×2
    197. Wind
    198. PawnPawn
    199. Wind
    200. PawnPawn
    201. Wind
    202. PawnPawn
    203. Converter
    204. PawnPawn
    205. Wind
    206. PawnPawn ×2
    207. Wind
    208. PawnPawn
    209. Fortification WallFortification Wall
    210. PawnPawn
    211. Fortification WallFortification Wall
    212. Wind
    213. Fortification WallFortification Wall
    214. PawnPawn
    215. Wind
    216. Fortification WallFortification Wall
    217. PawnPawn
    218. Fortification WallFortification Wall
    219. PawnPawn
    220. Fortification WallFortification Wall
    221. Wind
    222. PawnPawn

Counts are medians over the build's games: half of them build more, half fewer. The example game is Soliloqueur's (40 OS, 28/09/2026); pick another.

Team trades

IN AT LEAST 30% OF ITS GAMES

You hand over

Nothing regular.

You get

  • Tidal Generator4 Tidal from Pondfirst at 0:10 · in 69% of games
  • Advanced Construction Bot1 T2 con bot from Geo or Techfirst at 7:30 · in 59% of games

How it plays out

Typical game of this build, running totals by minute

Metal produced

010k20k30k
0:005:0010:0015:00

metal

Enemy metal destroyed

05k10k
0:005:0010:0015:00

metal

Own metal lost

05k10k
0:005:0010:0015:00

metal

1529 games.

Show as table
ByMetal produced: This buildEnemy metal destroyed: This buildOwn metal lost: This build
1:0022600
2:0088800
3:002051180106
4:003161658496
5:00424314131026
6:00543322981789
7:00667031752710
8:00792040313619
9:00931747964495
10:001069954265316
11:001226559036054
12:001411365126830
13:001622270137536
14:001810976968373
15:002046683299249
WHAT THE NUMBERS SAY

Standard suicide front play wins slightly more than half its games with fast kills but also fast losses, matching the raw grind of the role.

  • + First kill lands by 2:04 in all games
  • + Metal produced reaches 19882 by 15:00
  • − Own metal lost hits 9208 by 15:00, near metal destroyed of 8172
  • − First unit lost as early as 2:08 in every game
THE EXAMPLE YOU ARE READING

Soliloqueur

39.7 OS · 28/09/2026

Open source match ↗

8 received units · includes a constructor
47 metal received · 53945 energy received

Allied construction assistance is unknown. Timings are observations, not a promise of solo reproducibility.

Typical milestones

Bot Lab0:20Middle 50%: 0:20–0:33 · n=1522
Advanced Metal Extractor9:36Middle 50%: 8:41–10:48 · n=1128

Played most by

_X_253games of this buildPlatinumBlonde181games of this buildXad120games of this buildImmort73games of this buildwatermeloans60games of this build